Unix NetHack Version 3.7.0-62 Work-in-progress - last build Aug 4 2022 13:48:39 (8bd5414674b775bef5d068a120b40f2ec888f2f1,branch:master). Game began 2022-08-03 23:55:48, ended 2022-08-05 00:39:49. johncena, lawful female dwarven Valkyrie ----- |.<[| |...| |.... ---.- # # # . b. ######## ..- ## #########ara ....| ###############a@# ####### Johncena the Skirmisher St:14 Dx:12 Co:20 In:8 Wi:9 Ch:8 Lawful S:1615 Dlvl:7 $:299 HP:0(54) Pw:4(3) AC:10 Xp:5/254 T:3296 Satiated Latest messages: You see here a sewer rat corpse. There is a sewer rat corpse here; eat it? [ynq] (n) This sewer rat corpse tastes fatty. You cannibal! You will regret this! You hear water falling on coins. You finish eating the sewer rat corpse. Something is engraved here on the headstone. You read: "That is all". You see here a statue of an acid blob. You see here 2 pancakes. You see here 2 pancakes. A - 2 pancakes. You can't go up here. You descend the stairs. You see here a pair of jungle boots. Are you sure you want to pray? [yn] (n) You begin praying to Tyr. You hear a door open. You finish your prayer. You feel that Tyr is displeased. Restoring save file... Velkommen johncena, the dwarven Valkyrie, welcome back to NetHack! You see here a pair of jungle boots. You hear snoring snakes. You see here a pair of jungle boots. You hear a B flat squeak in the distance. You begin bashing monsters with your bare hands. You miss the rabid rat. The rabid rat bites! The killer bee stings! You miss the rabid rat. The rabid rat bites! The killer bee stings! The killer bee's sting was poisoned! The killer bee stings! The killer bee's sting was poisoned! You feel weaker! You miss the killer bee. The rabid rat bites! The killer bee stings! The killer bee stings! You miss the killer bee. The rabid rat bites! The killer bee stings! The killer bee stings! The killer bee stings! The killer bee's sting was poisoned! You die... Do you want your possessions identified? [ynq] (y) Major events: Turn 1: johncena the lawful dwarven Valkyrie entered the dungeon 1211: attained the rank of Skirmisher (level 3) 3296: killed by a killer bee Inventory: Weapons b - a +0 dagger (alternate weapon; not wielded) a - a rusty +1 dwarvish spear Armor e - an uncursed +0 elven leather helm c - an uncursed +3 small shield v - an uncursed +0 cloak of invisibility f - a blessed +0 leather armor g - an uncursed +0 studded leather armor Comestibles d - an uncursed food ration p - 3 uncursed food rations A - 2 uncursed pancakes Scrolls y - an uncursed scroll of blank paper h - a blessed scroll of enchant armor q - a cursed scroll of fire s - an uncursed scroll of scare monster Spellbooks j - an uncursed spellbook of cure blindness Potions z - a blessed potion of healing x - an uncursed potion of sleeping Rings t - an uncursed ring of stealth (on right hand) Wands i - a wand of opening (0:5) n - a wand of sleep (0:4) k - a wand of slow monster (0:8) Tools m - an uncursed lock pick Johncena the Valkyrie's attributes: Background: You were a Skirmisher, a level 5 dwarven Valkyrie. You were lawful, on a mission for Tyr who was opposed by Odin (neutral) and Loki (chaotic). You were in the Dungeons of Doom, on level 7. You entered the dungeon 3296 turns ago. It was the midnight hour. You had 254 experience points, 66 more were needed to attain level 6. Your score was 1615 before end-of-game adjustments. Basics: You had 0 out of 54 hit points. You had 4 out of 3 energy points (spell power). Your armor class was 10. Your wallet contained 299 zorkmids. Autopickup was off. Final Characteristics: Your strength was 14 (peak:18, limit:18/100). Your dexterity was 12 (limit:20). Your constitution was 20 (limit:20). Your intelligence was 8 (limit:16). Your wisdom was 9 (limit:16). Your charisma was 8 (limit:16). Final Status: You were satiated. You were unencumbered. You were bare handed. You were unskilled in bare handed combat. You were not wearing any armor. Final Attributes: You were piously aligned. You were cold resistant. You were level-drain resistant. You had infravision. You were stealthy. You aggravated monsters. You were a wererat. You were harmed by silver. You were very unlucky. You are dead. Miscellaneous: You never encountered a bones level. Total elapsed playing time was 18 minutes and 36 seconds. Vanquished creatures: an imp a Mordor orc a violet fungus a paper golem 2 floating eyes a kobold shaman 5 rothes a giant bat an orc zombie a dwarf zombie a wererat an iguana a gas spore a hobgoblin 2 brown molds a yellow mold a green mold 2 geckos 3 jackals 2 foxes 5 goblins 4 sewer rats a grid bug a bat 6 lichens a kobold zombie 7 newts 55 creatures vanquished. No species were genocided or became extinct. Voluntary challenges: You were illiterate. You never engraved Elbereth. You never genocided any monsters. You never polymorphed an object. You used no wishes. Achievements: You entered a shop. You attained the rank of Skirmisher. The Dungeons of Doom: levels 1 to 7 Level 1: A fountain. Level 2: A general store. Level 3: Level 4: Level 5: Many fountains. Level 6: Some fountains, a grave. Level 7: <- You were here. Final resting place for you, killed by a killer bee. Game over: ---------- / \ / REST \ / IN \ / PEACE \ / \ | johncena | | 299 Au | | killed by a | | killer bee | | | | | | 2022 | *| * * * | * _________)/\\_//(\/(/\)/\//\/|_)_______ Farvel johncena the Valkyrie... You died in The Dungeons of Doom on dungeon level 7 with 1586 points, and 299 pieces of gold, after 3296 moves. You were level 5 with a maximum of 54 hit points when you died.